 Dungeon Crawl Stone Soup version 0.29.1-4-g47bece8355 (webtiles) character file.

Game seed: 8801579779284896330

133 LustLizard the Prestidigitator (level 5, -10/37 HPs)
             Began as a Gnoll Wanderer on Dec 8, 2022.
             Killed by divine providence
             ... invoked by an orc priest
              (17 damage)
             ... on level 3 of the Dungeon.
             The game lasted 00:08:21 (4790 turns).

LustLizard the Prestidigitator (Gnoll Wanderer)     Turns: 4790, Time: 00:08:22

Health: -10/37     AC:  6    Str: 14    XL:     5   Next: 16%
Magic:  9/9        EV: 10    Int: 10    God:
Gold:   136        SH:  0    Dex: 12    Spells: 9/10 levels left

rFire   . . .      SeeInvis .   q - +0 spear
rCold   . . .      Faith    .   (no shield)
rNeg    . . .      Spirit   .   u - +0 ring mail
rPois   .          Reflect  .   k - +1 hat
rElec   .          Harm     .   (no cloak)
rCorr   .          Rampage  .   (no gloves)
Will    .....                   (no boots)
Stlth   +.........              (no amulet)
HPRegen 0.12/turn               (no ring)
MPRegen 0.11/turn               (no ring)

@: no status effects
A: fangs 1, strong nose, distributed training
a: no special abilities


You were on level 3 of the Dungeon.
You visited 1 branch of the dungeon, and saw 3 of its levels.

You collected 136 gold pieces.

Inventory:

Hand Weapons
 a - a +0 dagger
 g - a +0 mace
 q - a +0 spear (weapon)
Missiles
 b - 12 poisoned darts
 f - 71 stones (quivered)
Armour
 e - a +0 leather armour
 k - a +1 hat (worn)
 u - a +0 ring mail (worn)
 w - a +0 helmet
Jewellery
 m - an amulet of faith
Wands
 c - a wand of polymorph (13)
 v - a wand of roots (7)
Scrolls
 i - 4 scrolls of identify
 j - a scroll of vulnerability {unknown}
 l - a scroll of teleportation {unknown}
 s - a scroll of fog {unknown}
 t - 2 scrolls of enchant weapon {unknown}
Potions
 d - 2 potions of attraction
 h - a potion of resistance
 n - a potion of lignification {unknown}
 o - a potion of ambrosia {unknown}
 p - a potion of heal wounds {unknown}
 r - 2 potions of mutation


   Skills:
 + Level 1.4 Fighting
 + Level 1.4 Short Blades
 + Level 1.4 Long Blades
 + Level 1.4 Axes
 + Level 1.4 Maces & Flails
 + Level 1.4 Polearms
 + Level 1.4 Staves
 + Level 1.4 Ranged Weapons
 + Level 6.7 Throwing
 + Level 1.4 Armour
 + Level 1.4 Dodging
 + Level 1.4 Stealth
 + Level 1.4 Shields
 + Level 1.4 Unarmed Combat
 + Level 3.1 Spellcasting
 + Level 1.1 Conjurations
 + Level 3.9 Hexes
 + Level 1.1 Summonings
 + Level 1.1 Necromancy
 + Level 1.1 Translocations
 + Level 1.1 Transmutations
 + Level 1.1 Fire Magic
 + Level 1.1 Ice Magic
 + Level 1.1 Air Magic
 + Level 1.1 Earth Magic
 + Level 1.1 Poison Magic
 + Level 1.6 Invocations
 + Level 8.6 Evocations


You had 9 spell levels left.
You knew the following spells:

 Your Spells              Type           Power      Damage    Failure   Level
a - Slow                  Hex            36%        N/A       11%         1

Your spell library contained the following spells:

 Spells                   Type           Power      Damage    Failure   Level
 Sublimation of Blood     Necr           3%         N/A       47%         2
 Summon Guardian Golem    Hex/Summ       6%         N/A       52%         3
 Petrify                  Tmut/Erth      3%         N/A       98%         4
 Irradiate                Conj/Tmut      1%         3d12      100%        5


Dungeon Overview and Level Annotations

Branches:
Dungeon (3/15)

Altars:
Okawaru
Uskayaw

Shops:
D:2 :


Innate Abilities, Weirdness & Mutations

You have very sharp teeth.
Your uncanny sense of smell can sniff out nearby items.
Your experience applies equally to all skills.


Message History

The orc closely misses you.
The orc priest mumbles some strange prayers to Beogh against you.
Beogh smites you! The orc hits you with a +0 hand axe.
The orc attacks as you move away! The orc hits you with a +0 whip.
You closely miss the orc. The orc hits you with a +0 whip.
You barely miss the orc. You punch the orc.
The orc is severely wounded.
The orc closely misses you.
The orc priest calls upon Beogh to heal the orc.
The orc's wounds heal themselves!
Okay, then.
Okay, then.
Okay, then.
The orc attacks as you move away! The orc misses you.
You hit the orc but do no damage. The orc hits you but does no damage.
You closely miss the orc. The orc barely misses you.
You hit the orc. Your bite misses the orc.
The orc is moderately wounded.
The orc hits you with a +0 whip.
* * * LOW HITPOINT WARNING * * *
You closely miss the orc. You bite the orc.
The orc is severely wounded.
You closely miss the orc.
The orc is severely wounded.
The orc hits you with a +0 whip.
* * * LOW HITPOINT WARNING * * *
The orc priest looks braver for a moment.
You hit the orc.
You kill the orc!
You hit the orc priest.
The orc priest is heavily wounded.
The orc priest casts a cantrip, but nothing happens.
You hit the orc priest.
The orc priest is severely wounded.
The orc priest looks satisfied for a moment.
You closely miss the orc priest.
The orc priest is severely wounded.
The orc priest invokes the aid of Beogh against you.
Beogh smites you!
You die...

...........#####.......#.
+########'.### #########.
..#...# #. ##'.#.#.#####
####. ..#.#.#.....# #....
#.#.#.#.....# #.###
#.##.#.#.#.....# #.#
#....#.#.#.....# #.# #
#.+####)@#.......# #.# #
#....)..o#.......# #.# #
+########o†..#.### #.# #
.........#.#.## #.# #
##.............## #.# #
#...............# #.###
#..........###..# #.##.
#............#..###.##.
####.........#.#......##.


You could see an orc priest and an orc.

Vanquished Creatures
  Jessica (D:3)
  3 adders
  2 worms (D:2)
  3 orcs (D:3)
  8 bats
  11 endoplasms
  3 giant cockroaches (D:1)
  5 goblins
  7 hobgoblins
  5 kobolds
  3 quokkas
  5 ball pythons
  3 frilled lizards
  5 rats
64 creatures vanquished.

Notes
Turn   | Place    | Note
-------+----------+-------------------------------------------
     0 | D:1      | LustLizard the Gnoll Wanderer began the quest for the Orb.
     0 | D:1      | LustLizard set off with the following items: a +0 dagger,
                  | 12 poisoned darts, a wand of polymorph (13), a potion of
                  | attraction, a +0 leather armour; and the following spell
                  | memorised: Slow; and the following spells available to
                  | memorise: Summon Guardian Golem.
     0 | D:1      | Reached XP level 1. HP: 13/13 MP: 4/4
   378 | D:1      | Found a faded altar of an unknown god.
   962 | D:1      | Reached XP level 2. HP: 19/19 MP: 5/5
  1411 | D:1      | Reached XP level 3. HP: 20/25 MP: 7/7
  2279 | D:2      | Found Woics's Book Boutique.
  2596 | D:2      | Reached skill level 1 in Invocations
  3204 | D:2      | Reached skill level 1 in Fighting
  3204 | D:2      | Reached skill level 1 in Short Blades
  3204 | D:2      | Reached skill level 1 in Long Blades
  3204 | D:2      | Reached skill level 1 in Axes
  3204 | D:2      | Reached skill level 1 in Maces & Flails
  3204 | D:2      | Reached skill level 1 in Polearms
  3204 | D:2      | Reached skill level 1 in Staves
  3204 | D:2      | Reached skill level 1 in Ranged Weapons
  3204 | D:2      | Reached skill level 1 in Armour
  3204 | D:2      | Reached skill level 1 in Dodging
  3204 | D:2      | Reached skill level 1 in Stealth
  3204 | D:2      | Reached skill level 1 in Shields
  3204 | D:2      | Reached skill level 1 in Unarmed Combat
  3402 | D:2      | Reached XP level 4. HP: 32/32 MP: 8/8
  3917 | D:3      | Found an iron altar of Okawaru.
  3919 | D:3      | Noticed Jessica
  3930 | D:3      | Killed Jessica
  3931 | D:3      | Reached skill level 1 in Conjurations
  3931 | D:3      | Reached skill level 1 in Summonings
  3931 | D:3      | Reached skill level 1 in Necromancy
  3931 | D:3      | Reached skill level 1 in Translocations
  3931 | D:3      | Reached skill level 1 in Transmutations
  3931 | D:3      | Reached skill level 1 in Fire Magic
  3931 | D:3      | Reached skill level 1 in Ice Magic
  3931 | D:3      | Reached skill level 1 in Air Magic
  3931 | D:3      | Reached skill level 1 in Earth Magic
  3931 | D:3      | Reached skill level 1 in Poison Magic
  4362 | D:3      | Reached XP level 5. HP: 34/37 MP: 9/9
  4438 | D:3      | Found a hide-covered altar of Uskayaw.
  4790 | D:3      | Killed from afar by an orc priest

Illustrated notes

Levels and vault maps discovered:
D:1:      minmay_arrival_shattered_statue, layout_loops_corners,
          ebering_ecumenical_altar_box, corexii_corridor_pit,
          supply_closet_lemuel, st_stairs_1
D:2:      layout_basic, serial_shops, nicolae_shop_behind_doors
D:3:      layout_loops_cross, okawaru_metal_pillars_1_2, general_overflow_altar,
          minmay_misc_feat_five, minivault_11, kennysheep_generic_room_11,
          uniq_jessica

Skill      XL: |  1  2  3  4 |
---------------+-------------+-----
Invocations    | 1 |  1.6
Fighting       | 1 |  1.4
Short Blades   | 1 |  1.4
Long Blades    | 1 |  1.4
Axes           | 1 |  1.4
Maces & Flails | 1 |  1.4
Polearms       | 1 |  1.4
Staves         | 1 |  1.4
Ranged Weapons | 1 |  1.4
Armour         | 1 |  1.4
Dodging        | 1 |  1.4
Stealth        | 1 |  1.4
Shields        | 1 |  1.4
Unarmed Combat | 1 |  1.4
Spellcasting   | 3 |  3.1
Conjurations   | 1 |  1.1
Summonings     | 1 |  1.1
Necromancy     | 1 |  1.1
Translocations | 1 |  1.1
Transmutations | 1 |  1.1
Fire Magic     | 1 |  1.1
Ice Magic      | 1 |  1.1
Air Magic      | 1 |  1.1
Earth Magic    | 1 |  1.1
Poison Magic   | 1 |  1.1
Throwing       | |  6.7
Hexes          | |  3.9
Evocations     | |  8.6

Action                   |  1- 3 |  4- 6 || total
-------------------------+-------+-------++-------
Melee: Mace              |    54 |       ||    54
       Dagger            |    11 |       ||    11
       Bite              |    13 |     8 ||    21
       Punch             |     1 |     3 ||     4
       Spear             |   141 |    94 ||   235
Throw: Stone             |     6 |    21 ||    27
       Dart              |       |     5 ||     5
  Use: Scroll            |     1 |     1 ||     2
 Stab: Sleeping          |       |     2 ||     2
Armor: Leather armour    |    38 |     2 ||    40
       Ring mail         |       |    17 ||    17
Dodge: Dodged            |    77 |    44 ||   121
